 Dungeon Crawl Stone Soup version 0.28-a0-793-g31680bbd8b (webtiles) character file.

Game seed: 13662773523670862567

2555 bande the Cleaver (level 9, -23/55 HPs)
             Began as a Gargoyle Fighter on Nov 4, 2021.
             Was a Follower of Okawaru.
             Annihilated by a komodo dragon (41 damage)
             ... on level 7 of the Dungeon.
             The game lasted 00:13:08 (8276 turns).

bande the Cleaver (Gargoyle Fighter)                Turns: 8276, Time: 00:13:09

Health: -23/55     AC: 20    Str: 22    XL:     9   Next: 56%
Magic:  10/10      EV: 10    Int:  8    God:    Okawaru [*.....]
Gold:   356        SH:  6    Dex: 11    Spells: 8/8 levels left

rFire   . . .      SeeInvis +   a - +1 war axe (chaos)
rCold   . . .      Faith    .   c - +1 buckler
rNeg    + . .      Spirit   .   A - +0 plate armour
rPois   ∞          Reflect  .   (no helmet)
rElec   +          Harm     .   (no cloak)
rCorr   .          Rampage  .   (no gloves)
Will    .....                   t - +0 pair of boots
Stlth   ..........              s - amulet of regeneration
HPRegen 1.18/turn               g - ring of see invisible
MPRegen 0.12/turn               k - +4 ring of evasion

@: no status effects
A: sickness immunity, AC +6, negative energy resistance 1, electricity
resistance, torment resistance 1, petrification resistance
a: Renounce Religion, Heroism


You were on level 7 of the Dungeon.
You worshipped Okawaru.
Okawaru was aware of your devotion.
You visited 2 branches of the dungeon, and saw 8 of its levels.
You also visited: Sewer.

You collected 356 gold pieces.

Inventory:

Hand Weapons
 a - a +1 war axe of chaos (weapon)
 m - a +3 morningstar
Armour
 c - a +1 buckler (worn)
 t - a +0 pair of boots (worn)
 y - a +0 tower shield
 A - a +0 plate armour (worn)
Jewellery
 g - a ring of see invisible (left hand)
 i - a ring of wizardry
 k - a +4 ring of evasion (right hand)
 s - an amulet of regeneration (around neck)
Wands
 v - a wand of digging (5)
Scrolls
 e - 3 scrolls of teleportation
 j - 2 scrolls of enchant armour
 p - a scroll of fog
 r - a scroll of summoning
 w - a scroll of blinking
 B - a scroll of identify
 C - a scroll of amnesia
 E - a scroll of enchant weapon
Potions
 b - a potion of experience {unknown}
 d - a potion of might
 f - 2 potions of flight
 h - 6 potions of curing
 l - 2 potions of heal wounds {unknown}
 n - a potion of brilliance {unknown}
 o - a potion of cancellation {unknown}
 q - a potion of magic {unknown}
 u - a potion of resistance {unknown}
 x - a potion of ambrosia {unknown}
 z - 2 potions of attraction {unknown}
 D - a potion of lignification {unknown}


   Skills:
 + Level 6.2 Fighting
 + Level 8.7 Axes
 + Level 6.8 Armour
 + Level 5.5 Shields
 * Level 1.4 Invocations
 * Level 1.1 Evocations


You had 8 spell levels left.
You didn't know any spells.
Your spell library contained the following spells:

 Spells                   Type           Power      Damage    Failure   Level
 Fulminant Prism          Conj/Hex       0%         3d6       100%        4
 Iskenderun's Mystic Bla  Conj/Tloc      0%         2d3       100%        4
 Lee's Rapid Deconstruct  Erth           0%         3d5*      100%        5
 Orb of Destruction       Conj           0%         N/A       100%        7
 Summon Guardian Golem    Hex/Summ       Unusable   N/A       N/A         3
 Spellforged Servitor     Conj/Summ      Unusable   N/A       N/A         7

Dungeon Overview and Level Annotations

Branches:
Dungeon (7/15)             Temple (1/1) D:6           Sewer (visited)

Altars:
Ashenzari
Cheibriados
Dithmenos
Fedhas
Gozag
Hepliaklqana
Kikubaaqudgha
Makhleb
Okawaru
Qazlal
Ru
Sif Muna
Uskayaw
Vehumet
Wu Jian
Xom
Yredelemnul
Zin
The Shining One
Jiyva

Shops:
D:3 [   D:7 ?

Annotations:
D:7 2 runed translucent doors


Innate Abilities, Weirdness & Mutations

You are immune to sickness and miasma.
Your stone body is resilient. (AC +6)
You are immune to poison.
You resist negative energy. (rN+)
You are resistant to electric shocks. (rElec)
You are resistant to unholy torment.
You are immune to petrification.


Message History

No target in view!
No target in view!
No target in view!
You open the large door. You closely miss the komodo dragon.
You hit the white imp.
The white imp seems to slow down.
The komodo dragon bites you but does no damage.
You slash the komodo dragon!
The komodo dragon flickers and vanishes for a moment.
The komodo dragon is moderately wounded.
Your plate armour prevents you from hitting the white imp.
The komodo dragon bites you!
The white imp hits you but does no damage.
You slash the komodo dragon!
The komodo dragon goes berserk!
The komodo dragon is heavily wounded.
You barely miss the white imp. The komodo dragon barely misses you.
The komodo dragon bites you!!
Ouch! That really hurt!
* * * LOW HITPOINT WARNING * * *
You block the white imp's attack.
You hit the komodo dragon. You freeze the komodo dragon.
The komodo dragon is heavily wounded.
You hit the white imp.
The white imp convulses.
You kill the white imp!
Okawaru accepts your kill. You block the komodo dragon's attack.
The acid dragon spits acid at you.
The splash of acid hits the komodo dragon!!
The acid corrodes the komodo dragon!
You hit the komodo dragon.
The komodo dragon is poisoned.
The komodo dragon is almost dead.
The komodo dragon bites you but does no damage.
You block the komodo dragon's attack.
You hit the komodo dragon. You burn the komodo dragon.
The komodo dragon is almost dead.
You hit the acid dragon.
Lightning courses through the acid dragon!
The komodo dragon bites you!!!
Ouch! That really hurt!
You die...

##..# #.# #.# #.#
....# #.# #.# #.#
##..## #.# #.# #.#
#...###+# +## ..#
#.# #.#
#.#.....##### ...
#.# #..
#......##8(:8##.#
#.# ###
#.###..#8....8#.##
#.# #.#
#..+.[....D..#
#.###
#.###..+......l@.#
#.).#
##......#8....8#..#
###.#
......†.##8[$8##..#
#.#
...###...######†..#
####.# ##.#
#............#
#....# ...#
#.###.###...##
#.#### .### ... ..#
#..)# #.# ...#....
#####.# #.#
.#....... ..##..#
#.#


You could see a komodo dragon (berserk, invisible, very poisoned, corroded) and
an acid dragon (catching breath).

Vanquished Creatures
  A troll (D:5)
  Prince Ribbit (D:7)
  Sigmund (D:2)
  2 water moccasins
  An ogre (D:6)
  A centaur (D:6)
  3 kobold brigands (Sewer)
  2 bullfrogs
  A water moccasin skeleton (D:4)
  A wyvern skeleton (D:6)
  8 wights
  A howler monkey (D:3)
  2 jellies
  5 bullfrog zombies (D:5)
  2 hounds (D:7)
  A bullfrog skeleton (D:5)
  2 orc priests
  3 iguanas (D:5)
  An orc wizard (D:6)
  2 scorpion zombies (D:5)
  A hound zombie (D:5)
  3 hound skeletons
  A howler monkey zombie (D:5)
  10 adders
  3 river rats
  2 white imps
  2 adder zombies (D:5)
  3 worms
  8 orcs
  7 ball pythons
  5 bats
  10 endoplasms
  8 giant cockroaches
  3 hobgoblins
  9 kobolds
  2 quokkas
  5 frilled lizards
  4 goblins
  A goblin skeleton (D:3)
  3 hobgoblin zombies (D:3)
  2 orc skeletons (D:3)
  An orc zombie (D:3)
  27 rats
161 creatures vanquished.

Vanquished Creatures (others)
  9 plants (D:7)
  A withered plant (D:5)
10 creatures vanquished.

Grand Total: 171 creatures vanquished

Notes
Turn   | Place    | Note
-------+----------+-------------------------------------------
     0 | D:1      | bande the Gargoyle Fighter began the quest for the Orb.
     0 | D:1      | Reached XP level 1. HP: 14/14 MP: 1/1
   200 | D:1      | Reached XP level 2. HP: 9/19 MP: 2/2
   507 | D:1      | Reached skill level 2 in Axes
   927 | D:2      | Reached XP level 3. HP: 23/23 MP: 3/3
  1354 | D:2      | Noticed Sigmund
  1383 | D:1      | Reached XP level 4. HP: 26/29 MP: 4/4
  1443 | D:1      | Reached skill level 3 in Axes
  1755 | D:2      | Killed Sigmund
  1756 | D:2      | Reached skill level 4 in Axes
  1756 | D:2      | Reached XP level 5. HP: 23/33 MP: 5/5
  2065 | D:2      | Found a shimmering blue altar of Sif Muna.
  2265 | D:3      | Found Xutolom's Armour Boutique.
  2272 | D:3      | Reached XP level 6. HP: 35/38 MP: 6/6
  2360 | D:3      | Found a basalt altar of Yredelemnul.
  2868 | D:3      | Found a glowing drain.
  2881 | Sewer    | Entered a sewer
  3704 | Sewer    | Reached skill level 5 in Axes
  3704 | Sewer    | Reached skill level 5 in Armour
  3704 | Sewer    | Reached XP level 7. HP: 26/43 MP: 7/7
  4076 | D:3      | Found a glowing golden altar of the Shining One.
  4928 | D:4      | Reached skill level 6 in Axes
  4933 | D:4      | Reached XP level 8. HP: 21/48 MP: 8/8
  5247 | D:4      | Found a blossoming altar of Fedhas.
  5276 | D:4      | Found a hazy altar of Hepliaklqana.
  5277 | D:4      | Found a radiant altar of Vehumet.
  5285 | D:4      | Found a sacrificial altar of Ru.
  5301 | D:4      | Found a glowing silver altar of Zin.
  5828 | D:5      | Entered Level 5 of the Dungeon
  6351 | D:5      | Reached skill level 5 in Fighting
  6354 | D:5      | Reached skill level 7 in Axes
  6510 | D:5      | Noticed a troll
  6534 | D:5      | Killed a troll
  6535 | D:5      | Reached skill level 5 in Shields
  7088 | D:6      | Found a shimmering altar of Xom.
  7090 | D:6      | Found an ancient bone altar of Kikubaaqudgha.
  7098 | D:6      | Reached XP level 9. HP: 34/54 MP: 9/9
  7150 | D:6      | Reached skill level 8 in Axes
  7193 | D:6      | Found a staircase to the Ecumenical Temple.
  7199 | Temple   | Entered the Ecumenical Temple
  7319 | Temple   | Became a worshipper of Warmaster Okawaru
  7970 | D:7      | Found a snail-covered altar of Cheibriados.
  8086 | D:7      | Found Hoggaaq's Magic Scroll Boutique.
  8146 | D:7      | Found a large runed translucent door.
  8146 | D:7      | Found a large runed translucent door.
  8151 | D:7      | Noticed a komodo dragon
  8178 | D:7      | Noticed Prince Ribbit
  8190 | D:7      | Killed Prince Ribbit
  8190 | D:7      | Reached * piety under Okawaru
  8191 | D:7      | Reached skill level 1 in Invocations
  8191 | D:7      | Reached skill level 1 in Evocations
  8250 | D:7      | Found a large runed translucent door.
  8251 | D:7      | Found a large runed translucent door.
  8276 | D:7      | Annihilated by a komodo dragon

Illustrated notes

Levels and vault maps discovered:
D:1:      saegor_arrival_simple_c, layout_basic
D:2:      layout_rooms, basic_altar, fountainhead, dk_noncrumbling_2,
          minmay_rat_hole, uniq_sigmund
D:3:      layout_rooms, nicolae_tso_besieged_by_evil,
          mainiacjoe_overflow_catwalk, serial_shops, shop, portal_sewer_entry_b
D:4:      layout_loops_ring, mainiacjoe_overflow_boulevard,
          nicolae_overflow_quartered_altars, st_stairs_13,
          kennysheep_generic_room_6
D:5:      layout_basic, serial_undead, serial_undead_c, serial_undead_b,
          serial_undead_e, serial_undead_e, serial_undead_e, serial_undead_a,
          serial_undead_b, minmay_crystal_room
D:6:      layout_basic, mainiacjoe_overflow_catwalk_spiral,
          minmay_temple_entry_nine_rooms
D:7:      layout_loops_ring, cheibriados_altar_1, nicolae_elyvilon_temple_path,
          serial_shops, nicolae_shop_statue_plus, minmay_hollow_rounded_squares,
          uniq_prince_ribbit1
Temple:   pf_slime_end_temple

Skill      XL: |  1  2  3  4  5  6  7  8  9 |
---------------+----------------------------+-----
Axes           | 2 4 5 6 7 8 |  8.7
Armour         | 4 5 6 |  6.8
Shields        | 4 5 |  5.5
Fighting       | 4 5 6 |  6.2
Invocations    | 1 |  1.4
Evocations     | 1 |  1.1

Action                   |  1- 3 |  4- 6 |  7- 9 || total
-------------------------+-------+-------+-------++-------
Melee: War axe           |   148 |   172 |   328 ||   648
  Use: Scroll            |     3 |     2 |     8 ||    13
Armor: Scale mail        |    79 |    93 |   110 ||   282
       Plate armour      |       |       |    42 ||    42
Dodge: Dodged            |    68 |    70 |   213 ||   351
Block: Buckler           |    38 |    47 |    92 ||   177

Table legend: (Time is in decaauts)
 A = Elapsed time spent in this place.
 B = Non-inter-level travel time spent in this place.
 C = Inter-level travel time spent in this place.
 D = Time resting spent in this place.
 E = Time spent auto-exploring this place.
 F = Levels seen in this place.
 G = Mean time per level.
                   A        B        C        D        E       F      G
               +--------+--------+--------+--------+--------+-----+--------+
         Total |   8513 |   8494 |     19 |   1954 |   4932 |   9 |  945.9 |
       Dungeon |   7178 |   7159 |     19 |   1518 |   4284 |   7 | 1025.4 |
        Temple |    151 |    151 |      0 |      0 |    125 |   1 |  151.0 |
         Sewer |   1183 |   1183 |      0 |    436 |    523 |   1 | 1183.0 |
               +--------+--------+--------+--------+--------+-----+--------+

Top non-repeatable levels by time:
     D:4: 1536 daAuts
     D:1: 1328 daAuts
     D:5: 1193 daAuts
   Sewer: 1183 daAuts
     D:3: 997 daAuts
     D:2: 991 daAuts
     D:6: 821 daAuts
     D:7: 309 daAuts
  Temple: 151 daAuts
